 Dungeon Crawl Stone Soup version 0.29.0-4-gdea44cf6ec (webtiles) character file.

Game seed: 9735396367208655150

9 qw the Chopper (level 2, 0/17 HPs)
             Began as a Tengu Warper on Aug 28, 2022.
             Slain by a crimson imp (3 damage)
             ... summoned by Natasha
             ... on level 2 of the Dungeon.
             The game lasted 00:00:03 (871 turns).

qw the Chopper (Tengu Warper)                        Turns: 871, Time: 00:00:03

Health: 0/17       AC:  3    Str: 11    XL:     2   Next: 16%
Magic:  6/6        EV: 11    Int: 13    God:
Gold:   73         SH:  0    Dex: 13    Spells: 5/5 levels left

rFire   . . .      SeeInvis .   Y - +0 hand axe
rCold   . . .      Faith    .   (no shield)
rNeg    . . .      Spirit   .   b - +0 leather armour
rPois   .          Reflect  .   (helmet restricted)
rElec   .          Harm     .   (no cloak)
rCorr   .          Rampage  .   (no gloves)
Will    .....                   (boots unavailable)
Stlth   +.........              (no amulet)
HPRegen 0.05/turn               (no ring)
MPRegen 0.10/turn               (no ring)

@: no status effects
A: beak, talons 3
a: no special abilities


You were on level 2 of the Dungeon.
You visited 1 branch of the dungeon, and saw 2 of its levels.

You collected 73 gold pieces.


Innate Abilities, Weirdness & Mutations

You have a beak for a mouth.
You have claws for feet.


   Skills:
 - Level 2.0 Fighting
 + Level 3.1 Axes
 - Level 1.0 Throwing
 - Level 1.1 Armour
 - Level 2.1 Dodging
 - Level 2.0 Spellcasting
 - Level 2.4 Translocations


You had 5 spell levels left.
You didn't know any spells.
Your spell library contained the following spells:

 Spells                   Type           Power      Damage    Failure   Level
 Blink                    Tloc           14%        N/A       19%         2
 Gell's Gravitas          Tloc           7%         N/A       36%         3
 Lesser Beckoning         Tloc           7%         N/A       36%         3
 Teleport Other           Tloc           7%         N/A       36%         3
 Manifold Assault         Tloc           7%         N/A       98%         5

Inventory:

Hand Weapons
 e - a +0 whip
 Y - a +0 hand axe (weapon)
Armour
 b - a +0 leather armour (worn)

Dungeon Overview and Level Annotations

Branches:
Dungeon (2/15)

Altars:

Annotations:
D:2 Natasha


Message History

There is a stone staircase leading down here.
You climb downwards.
Natasha hisses angrily.
Found 4 gold pieces.
There is a stone staircase leading up here.
There are monsters nearby!
Existing waypoints: (2) D:1 Assign waypoint to what number? (0-9, D - delete waypoint) Waypoint 1 assigned to D:2.
Enter note:
Found a stone.
Natasha mumbles some strange words.
Found a club.
The shadow imp barely misses you. Natasha misses you.
You closely miss the shadow imp. You barely miss Natasha.
Natasha casts a spell.
The shadow imp barely misses you.
You closely miss the shadow imp. You peck the shadow imp.
The shadow imp is lightly wounded.
You hit Natasha. The shadow imp hits you. Natasha claws you.
The crimson imp blinks!
You hit the shadow imp. Your kick misses the shadow imp.
The shadow imp is moderately wounded.
You hit the giant cockroach but do no damage.
You barely miss Natasha. The giant cockroach closely misses you.
The shadow imp hits you. Natasha claws you but does no damage.
You hit the shadow imp.
The shadow imp is severely wounded.
You hit the giant cockroach. You closely miss Natasha.
The giant cockroach bites you but does no damage.
The shadow imp closely misses you. Natasha claws you!
You barely miss the shadow imp. You claw the shadow imp.
You kill the shadow imp!
The shadow imp disappears in a puff of smoke!
You hit the crimson imp. You hit the giant cockroach. You barely miss Natasha.
The giant cockroach completely misses you.
Natasha barely misses you. The crimson imp hits you.
You die...

#......).
#........
#........
###........
#..........
#..........
#.ยค5h......
#..@.......
######..B.......
#.$....<........
#.####..........
#..........
#.........(
#..........
#..........
.....######


You could see Natasha, a crimson imp (summoned) and a giant cockroach.

Vanquished Creatures
  A bat (D:1)
  An endoplasm (D:1)
  A goblin (D:1)
  2 kobolds (D:1)
  A quokka (D:1)
  2 ball pythons (D:1)
  A rat (D:1)
9 creatures vanquished.

Notes
Turn   | Place    | Note
-------+----------+-------------------------------------------
     0 | D:1      | qw the Tengu Warper began the quest for the Orb.
     0 | D:1      | Reached XP level 1. HP: 12/12 MP: 4/4
     0 | D:1      | 0 ||| qw: Version: 0.1-a-89-g26bdef1
     0 | D:1      | 0 ||| qw: Game counter: 2343
     0 | D:1      | 0 ||| qw: Always use a shield: true
     0 | D:1      | 0 ||| qw: God list: Okawaru
     0 | D:1      | 0 ||| qw: Allow faded altars: false
     0 | D:1      | 0 ||| qw: Do Orc after D:15 true
     0 | D:1      | 0 ||| qw: Do second Lair branch before Depths: true
     0 | D:1      | 0 ||| qw: Lair rune preference: random
     0 | D:1      | 0 ||| qw: Plans: Normal
     0 | D:1      | 0 ||| PLANNING D:1-11
   350 | D:1      | Reached XP level 2. HP: 16/17 MP: 6/6
   426 | D:1      | Reached skill level 3 in Axes
   676 | D:1      | 676 ||| READING scroll labelled PIYTYTRY QOJOD.
   681 | D:1      | 681 ||| READING scroll labelled NUITAO CEODAM.
   682 | D:1      | 682 ||| READING scroll labelled KIACZI FULIZ.
   822 | D:1      | 822 ||| DROPPING scroll of blinking.
   864 | D:2      | Noticed Natasha
   868 | D:2      | Noticed a crimson imp
   870 | D:2      | HP: 3/17 [Natasha (8)]
   871 | D:2      | Slain by a crimson imp

Levels and vault maps discovered:
D:1:      ncdulo_wetmaze, layout_loops_ring
D:2:      layout_basic, hellmonk_ecumenical_altar_arch_garden, basic_altar,
          kennysheep_donut, uniq_terence, uniq_crazy_yiuf_cottage, uniq_robin,
          uniq_natasha

Skill      XL: |  1  2 |
---------------+-------+-----
Axes           | 3 |  3.1
Fighting       | |  2.0
Throwing       | |  1.0
Armour         | |  1.1
Dodging        | |  2.1
Spellcasting   | |  2.0
Translocations | |  2.4

Action                   || total
-------------------------++-------
Melee: Hand axe          ||    21
       Kick              ||     5
       Peck              ||     4
       Punch             ||     1
Throw: Boomerang         ||     7
  Use: Scroll            ||     3
Armor: Leather armour    ||     5
Dodge: Dodged            ||    14

Table legend:
 A = Non-vault XP
 B = Vault XP
 C = Vault XP percentage of total XP
 D = Non-vault monster count
 E = Vault monster count
 F = Vault count percentage of total count
                 A         B        C        D         E       F
            +---------+---------+-------+---------+---------+-------
      Total |      14 |       0 |   0.0 |       9 |       0 |   0.0
            +---------+---------+-------+---------+---------+-------
        D:1 |      14 |       0 |   0.0 |       9 |       0 |   0.0
            +---------+---------+-------+---------+---------+-------
